Map: Acropolis LE

Players

SpeCial

  • Race: Terran Terran
  • Spawn Location: 11:00

soO - Winner!

  • Race: Zerg Zerg
  • Spawn Location: 5:00

Event: 2019 WCS Global FInals

VOD

Have the link to the VOD?

Description

Time

  • Played on: Oct. 24, 2019, 1:09 a.m.
  • Length: 21:48

All games in this series

Show
View Real Time Build Order
Export as new Build Order

SpeCial Terran 

Build Orders: Gas First Reaper Expand 

Get SALT Encoding   

  12  0:00  SCV  
  13  0:12  SCV  
  14  0:17  Supply Depot  
  14  0:24  SCV  
  14  0:27  Refinery  
  15  0:38  SCV  
  16  0:44  Barracks  
  16  0:50  SCV  
  17  1:02  SCV  
  18  1:15  SCV  
  19  1:30  Orbital Command  
  19  1:31  Reaper  
  20  1:41  Command Center  
  20  1:52  Factory  
  20  1:56  SCV  
  20  2:01  Refinery  
  21  2:07  Barracks Reactor  
  21  2:08  SCV  
  21  2:13  Supply Depot  
  22  2:20  SCV  
  23  2:34  SCV  
  24  2:38  Starport  
  24  2:46  SCV  
  24  2:48  Hellion x2  
  24  2:49  Marine  
  30  2:55  Orbital Command  
  30  2:59  SCV  
  31  3:11  SCV  
  32  3:20  Marine  
  32  3:23  Fusion Core  
  32  3:26  SCV  
  32  3:27  SCV  
  35  3:31  Refinery  
  35  3:32  Marine  
  35  3:33  Refinery  
  36  3:35  Starport Tech Lab  
  36  3:39  SCV  
  37  3:41  Supply Depot  
  37  3:43  SCV  
  38  3:51  SCV  
  38  3:55  SCV  
  40  4:03  SCV  
  40  4:06  Supply Depot  
  40  4:07  SCV  
  42  4:10  Battlecruiser  
  42  4:12  Marine  
  42  4:13  Marine  
  42  4:15  SCV  
  51  4:20  Starport  
  51  4:24  SCV  
  51  4:27  SCV  
  51  4:28  Supply Depot  
  53  4:36  SCV  
  54  4:39  SCV  
  54  4:42  Factory Tech Lab  
  54  4:45  Weapon Refit  
  55  4:48  SCV  
  55  4:51  Supply Depot, SCV  
  59  5:00  SCV  
  58  5:09  Battlecruiser  
  58  5:11  SCV  
  58  5:12  SCV  
  66  5:16  Supply Depot  
  66  5:21  Battlecruiser  
  70  5:28  Marine  
  70  5:29  Marine  
  71  5:45  Supply Depot  
  71  5:46  Marine x2  
  71  5:47  Supply Depot  
  73  5:54  SCV x2  
  73  6:04  Marine x2  
  73  6:07  Command Center  
  73  6:08  SCV  
  73  6:09  SCV  
  77  6:14  Battlecruiser  
  83  6:22  Marine x2  
  83  6:23  SCV x2  
  87  6:37  Battlecruiser  
  93  6:42  Marine x2, SCV x2  
  97  6:57  Factory Tech Lab  
  97  7:00  Marine  
  97  7:01  Marine  
  99  7:04  Bunker  
  99  7:09  SCV  
  99  7:13  Command Center  
  99  7:15  Supply Depot  
  100  7:16  Supply Depot  
  100  7:18  Marine  
  101  7:29  Battlecruiser  
  101  7:32  Marine  
  102  7:41  Battlecruiser  
  102  7:42  Orbital Command  
  108  7:48  Siege Tank, Marine  
  108  7:49  Marine  
  109  8:05  SCV  
  109  8:09  Supply Depot  
  102  8:21  Marine x2  
  102  8:24  Siege Tank  
  94  8:29  SCV  
  94  8:33  Battlecruiser  
  94  8:37  SCV  
  94  8:39  Marine x2  
  93  8:41  SCV  
  93  8:43  Orbital Command  
  94  8:49  SCV  
  95  8:56  Marine  
  95  9:01  Marine  
  91  9:04  SCV  
  89  9:14  Marine  
  89  9:15  SCV  
  89  9:17  SCV x3  
  91  9:19  Marine  
  91  9:20  Battlecruiser  
  99  9:32  Marine  
  99  9:37  Marine  
  101  9:46  SCV  
  101  9:49  Barracks  
  101  9:50  Barracks, Marine  
  101  9:51  Barracks  
  101  9:52  Barracks  
  91  9:55  Marine  
  91  9:56  SCV x2  
  94  10:08  Marine  
  94  10:11  Engineering Bay x2  
  94  10:13  Marine  
  96  10:15  Siege Tank  
  96  10:17  Orbital Command  
  99  10:25  Marine  
  100  10:31  Marine  
  100  10:32  SCV x3  
  104  10:43  Starport Reactor, Marine, SCV  
  104  10:46  Terran Infantry Weapons Level 1, Terran Infantry Armor Level 1  
  104  10:48  Marine  
  104  10:49  Barracks Reactor  
  107  10:50  Marine, Stimpack, Missile Turret  
  107  10:52  Barracks Reactor  
  107  10:54  SCV x2  
  107  10:55  Refinery  
  107  10:56  Barracks  
  110  10:57  Barracks, Refinery  
  110  10:59  Marine  
  110  11:01  Marine  
  110  11:02  Siege Tank, SCV  
  110  11:03  SCV  
  117  11:06  Marine, SCV, Command Center  
  117  11:08  Marine  
  117  11:09  Supply Depot  
  117  11:10  Medivac, Supply Depot  
  122  11:16  Combat Shield, Missile Turret  
  120  11:19  Marine  
  120  11:22  SCV  
  120  11:23  SCV  
  120  11:24  Supply Depot x2, Marine  
  124  11:30  Medivac x2, Marine x3  
  131  11:35  SCV x2  
  131  11:37  Marine  
  131  11:39  Supply Depot  
  134  11:40  Supply Depot, Marine x2  
  134  11:41  Factory  
  134  11:42  Marine  
  134  11:45  Barracks Reactor  
  134  11:46  Barracks Reactor  
  134  11:47  Barracks Tech Lab  
  137  11:48  Marine, Marauder  
  137  11:51  Barracks  
  134  11:56  Medivac, Marine x2  
  134  11:58  Marine x2  
  134  12:00  Medivac  
  141  12:02  Medivac  
  141  12:05  Marine  
  144  12:10  Siege Tank  
  144  12:11  Refinery  
  147  12:16  SCV x3  
  147  12:19  Marine  
  147  12:20  Armory  
  147  12:21  Marine  
  151  12:25  Marauder  
  151  12:29  Sensor Tower, Factory Tech Lab  
  152  12:33  Marine  
  152  12:34  Marauder  
  155  12:43  Marine  
  156  12:44  Marine  
  156  12:47  Marauder  
  156  12:49  Siege Tank  
  162  12:53  Siege Tank  
  162  12:55  Marauder  
  167  12:59  Marine x2  
  167  13:02  Planetary Fortress  
  169  13:08  Marauder  
  169  13:09  Marine  
  169  13:10  Marine  
  167  13:13  Terran Infantry Weapons Level 2  
  167  13:16  Marine  
  167  13:17  Marauder  
  167  13:19  Marine x4  
  174  13:20  Terran Infantry Armor Level 2  
  174  13:23  Marine x2  
  174  13:26  Marine  
  177  13:27  Marine  
  177  13:29  Marauder  
  176  13:34  Marine  
  176  13:36  Marine  
  176  13:38  Marauder  
  176  13:40  Siege Tank, Marine x2  
  153  13:43  Marine  
  153  13:47  Marine  
  153  13:48  Marine x2  
  150  13:51  Marauder  
  150  13:52  Refinery  
  150  13:53  Refinery  
  150  13:54  Marine  
  154  13:58  Marine  
  154  14:00  Marauder  
  157  14:04  Concussive Shells  
  157  14:05  Barracks Tech Lab, Marine x2  
  157  14:06  Marine  
  157  14:09  Siege Tank  
  163  14:12  Marauder  
  163  14:14  Command Center  
  164  14:20  Terran Vehicle Weapons Level 1  
  164  14:21  Marine x2, Marauder  
  167  14:24  Siege Tank  
  167  14:25  Marine, Marauder  
  167  14:29  Marine  
  174  14:33  Marauder  
  174  14:35  Marine  
  174  14:38  Marine x2  
  178  14:41  Siege Tank  
  178  14:42  Supply Depot x2, Marauder  
  178  14:43  Marine  
  185  14:46  Marauder  
  185  14:48  Medivac x2, Marine x2  
  185  14:51  Missile Turret  
  186  14:58  Ghost Academy  
  186  15:00  Marine  
  186  15:03  Siege Tank, Marine  
  186  15:04  Marauder x2  
  180  15:08  Marauder  
  180  15:10  Marine  
  180  15:11  Marine x2  
  180  15:13  Siege Tank  
  173  15:22  Marine x2  
  173  15:24  Marine x3  
  173  15:25  Marauder x2  
  182  15:28  Marine  
  182  15:29  Marauder  
  182  15:30  Terran Infantry Weapons Level 3  
  182  15:31  Medivac  
  182  15:32  Medivac, Marine  
  182  15:33  Marine  
  182  15:35  Siege Tank  
  189  15:40  Marine x2  
  189  15:42  Marine  
  186  15:43  Marine  
  186  15:44  Marine  
  186  15:49  Marine  
  183  15:50  Marine x2  
  183  15:55  Siege Tank  
  188  15:58  Medivac  
  188  16:00  Marine  
  188  16:01  Medivac  
  189  16:04  Marine  
  189  16:06  Medivac  
  189  16:07  Marine x2  
  193  16:17  Terran Infantry Armor Level 3, Missile Turret  
  193  16:19  Missile Turret  
  193  16:20  Marine x2  
  193  16:24  Marine  
  190  16:28  Medivac  
  190  16:30  Planetary Fortress  
  190  16:31  Marine x3  
  189  16:37  Marine x3  
  189  16:47  Marine  
  189  16:48  Marine x2  
  189  16:50  Marine  
  189  16:52  Marine x2  
  184  16:54  Siege Tank  
  184  16:55  Marine x3  
  184  16:57  Marine  
  184  16:58  Medivac x2, Marauder  
  178  17:05  Marine x2  
  174  17:13  Starport Reactor  
  174  17:14  Marine, Marauder  
  174  17:16  Marauder  
  174  17:17  Marine x2  
  174  17:22  Marine x2  
  166  17:24  SCV x3  
  166  17:28  Medivac  
  166  17:29  Marine x2  
  170  17:30  Marine x2, Missile Turret  
  170  17:32  Marine  
  170  17:34  Medivac  
  170  17:36  Terran Vehicle And Ship Armor Level 1, Starport  
  176  17:38  Marine x2  
  176  17:40  Marine  
  176  17:41  Marine x2  
  176  17:44  Marine  
  178  17:47  Marine  
  178  17:48  Marine x3  
  178  17:50  Marine  
  151  17:51  Viking x2  
  177  17:55  Marine  
  177  17:56  Marine  
  179  17:58  Marine  
  179  18:03  Marine x3  
  179  18:04  Orbital Command  
  179  18:05  Marine  
  183  18:08  Marine  
  183  18:09  Marauder  
  183  18:10  Siege Tank x2  
  183  18:12  Marine x2  
  171  18:20  Viking x3  
  171  18:21  Viking  
  171  18:25  Marine x4  
  171  18:31  Marine  
  171  18:32  Marine  
  171  18:33  Marine  
  159  18:36  Viking  
  159  18:38  Marine x2  
  161  18:42  Marine  
  161  18:43  Marine x2  
  161  18:48  Marine  
  161  18:49  Marine  
  161  18:50  Viking, Marine  
  161  18:54  Marine x3  
  161  18:55  Viking  
  168  18:59  Marine  
  160  19:08  Viking  
  160  19:09  Viking  
  155  19:12  Marine  
  155  19:16  Marine x2  
  151  19:17  Marine  
  151  19:21  Marine x2  
  151  19:23  Marine  
  153  19:26  Marine  
  153  19:28  Marine  
  153  19:29  Marine  
  156  19:34  Marine, SCV x2  
  156  19:37  Marine  
  159  19:40  Marine  
  159  19:44  Viking  
  156  19:46  Marine  
  156  19:47  Orbital Command  
  156  19:48  Marine  
  156  19:49  Marine  
  159  19:56  Viking  
  151  20:01  Marine x2  
  151  20:05  Marine  
  133  20:10  Marine x2  
  134  20:17  Viking  
  134  20:20  Marine x2  
  136  20:24  Marine  
  136  20:25  Marine  
  138  20:28  Medivac  
  138  20:30  Marine  
  138  20:32  Marine x2  
  138  20:33  SCV  
  144  20:36  SCV x2  
  144  20:40  Marine x4  
  141  20:44  Marine  
  112  20:50  Viking x2  
  112  20:51  Marine  
  112  20:52  Marine  
  112  20:53  Marine  
  112  20:54  Viking  
  112  20:56  Marine  
  119  21:02  Viking  
  111  21:04  Marine  
  111  21:06  Marine  
  110  21:13  Marine  
  110  21:15  Viking  
  110  21:18  Marine  
  105  21:21  Marine  
  105  21:22  Marine  
  88  21:29  Marine  
Show
View Real Time Build Order
Export as new Build Order

soO Zerg - Winner!

Build Orders: Hatch First 

Get SALT Encoding   

  12  0:00  Drone  
  13  0:12  Overlord  
  13  0:16  Drone  
  14  0:30  Drone x2  
  16  0:47  Hatchery  
  15  0:50  Drone  
  15  0:55  Drone  
  17  0:57  Drone  
  18  1:08  Extractor  
  17  1:12  Spawning Pool  
  17  1:15  Drone  
  17  1:18  Drone  
  18  1:27  Drone  
  19  1:38  Drone  
  20  1:50  Overlord  
  20  1:59  Queen x2  
  20  2:00  Zergling x4  
  26  2:08  Metabolic Boost  
  26  2:11  Drone  
  27  2:24  Hatchery  
  27  2:27  Drone  
  27  2:29  Drone  
  28  2:33  Drone  
  28  2:35  Drone  
  30  2:43  Queen  
  32  2:48  Overlord  
  32  2:51  Drone  
  33  2:54  Drone  
  33  2:55  Drone  
  33  2:58  Drone  
  36  3:08  Drone x2  
  36  3:09  Drone  
  36  3:10  Drone  
  36  3:12  Drone  
  40  3:20  Overlord, Drone  
  40  3:25  Queen  
  42  3:27  Pneumatized Carapace  
  42  3:28  Drone  
  42  3:29  Drone  
  44  3:36  Overlord  
  44  3:37  Zergling x2  
  44  3:38  Zergling x4  
  44  3:39  Zergling x2  
  48  3:41  Drone  
  48  3:48  Queen  
  51  3:49  Drone  
  51  3:50  Drone  
  51  3:54  Drone  
  54  3:57  Overlord  
  54  3:59  Drone x2  
  54  4:00  Drone  
  57  4:04  Queen  
  57  4:07  Drone x2  
  61  4:15  Overlord, Drone  
  61  4:16  Drone  
  63  4:17  Drone  
  63  4:19  Drone  
  63  4:23  Overlord, Drone  
  66  4:27  Drone x2  
  66  4:28  Drone  
  66  4:30  Extractor  
  68  4:31  Drone  
  68  4:34  Drone x2  
  68  4:35  Drone  
  72  4:39  Drone  
  72  4:40  Drone  
  72  4:42  Lair  
  72  4:44  Roach Warren  
  72  4:45  Drone x2  
  75  4:49  Drone x2  
  75  4:51  Drone x2  
  79  4:59  Drone x2  
  81  5:03  Overlord, Drone x2  
  81  5:06  Extractor x2  
  81  5:08  Drone  
  81  5:09  Spore Crawler, Drone  
  81  5:10  Spore Crawler  
  81  5:11  Spore Crawler  
  81  5:14  Extractor  
  79  5:15  Extractor  
  79  5:17  Queen  
  79  5:20  Drone  
  81  5:24  Queen  
  81  5:26  Roach x4  
  81  5:28  Drone x3  
  90  5:29  Drone x2  
  90  5:33  Drone  
  92  5:36  Drone  
  92  5:37  Drone  
  92  5:40  Drone  
  95  5:44  Drone  
  95  5:45  Drone  
  95  5:46  Overlord, Glial Reconstitution  
  95  5:49  Overlord  
  97  5:50  Overlord  
  97  5:51  Overlord  
  97  5:55  Overlord  
  97  5:58  Spore Crawler, Spire, Queen  
  97  5:59  Overlord  
  97  6:01  Spore Crawler, Drone  
  97  6:10  Drone x4  
  101  6:12  Queen  
  101  6:16  Hatchery  
  102  6:25  Queen  
  102  6:29  Drone  
  102  6:30  Evolution Chamber  
  102  6:31  Roach x7  
  118  6:33  Evolution Chamber  
  118  6:35  Queen  
  118  6:37  Roach  
  114  6:45  Spore Crawler  
  111  6:47  Queen  
  111  6:58  Drone x2  
  111  7:00  Drone  
  111  7:01  Queen  
  109  7:02  Drone x2  
  109  7:03  Drone  
  109  7:04  Drone  
  113  7:10  Drone x2, Spire, Queen  
  114  7:19  Drone  
  114  7:21  Drone  
  114  7:27  Drone x2  
  114  7:28  Drone  
  111  7:30  Queen x2  
  111  7:36  Spore Crawler, Queen  
  110  7:40  Spore Crawler  
  110  7:41  Spore Crawler  
  110  7:43  Drone  
  108  7:46  Queen  
  108  7:51  Ravager x6  
  114  7:52  Roach x3  
  114  7:53  Drone  
  114  7:55  Spire  
  114  7:57  Drone  
  118  8:01  Drone  
  119  8:05  Queen  
  119  8:06  Zergling x8, Queen  
  119  8:07  Zergling x16  
  119  8:12  Queen  
  135  8:16  Drone  
  135  8:17  Drone  
  139  8:21  Spore Crawler  
  139  8:22  Queen  
  129  8:31  Drone  
  129  8:32  Drone x3  
  113  8:41  Queen  
  117  8:49  Spore Crawler  
  117  8:50  Spore Crawler  
  117  8:51  Spore Crawler  
  112  8:56  Queen  
  112  8:57  Queen  
  111  9:06  Corruptor x10  
  122  9:17  Queen  
  122  9:18  Hatchery  
  123  9:30  Corruptor x4  
  125  9:36  Roach Warren  
  118  9:45  Drone x2  
  120  9:47  Drone  
  120  9:51  Drone, Zerg Ground Armor Level 1, Zerg Missile Weapons Level 1  
  120  9:53  Drone  
  117  10:06  Hatchery  
  116  10:15  Overlord  
  116  10:19  Roach x5  
  122  10:32  Overlord  
  122  10:33  Corruptor x3  
  128  10:47  Corruptor x2  
  128  10:49  Queen  
  134  10:53  Extractor x2  
  132  10:57  Corruptor  
  132  10:59  Drone x4  
  132  11:02  Overseer  
  137  11:07  Corruptor  
  137  11:11  Drone x2  
  141  11:12  Drone x3  
  144  11:20  Roach x7  
  144  11:22  Drone  
  159  11:38  Overlord  
  159  11:40  Overlord  
  159  11:43  Overlord  
  159  11:47  Overlord x2  
  155  11:55  Hatchery  
  155  11:57  Roach  
  155  11:58  Roach x7  
  168  12:03  Zerg Ground Armor Level 2  
  168  12:04  Zerg Melee Weapons Level 1  
  168  12:09  Drone  
  168  12:10  Baneling Nest  
  168  12:13  Ravager x4  
  168  12:14  Roach x4  
  180  12:20  Roach x4  
  187  12:29  Infestation Pit  
  186  12:36  Ravager x2  
  188  12:38  Roach x3, Zergling x10  
  194  13:14  Hive  
  194  13:16  Centrifical Hooks  
  194  13:17  Spore Crawler  
  194  13:18  Spore Crawler  
  192  13:21  Zergling x16  
  196  13:40  Roach x11, Zergling x14  
  185  13:50  Ravager  
  185  13:51  Baneling x10, Ravager x2  
  185  13:52  Baneling x5  
  185  13:53  Zergling x24  
  196  14:06  Drone x4  
  200  14:16  Hatchery  
  197  14:19  Zergling x8  
  199  14:32  Adrenal Glands  
  200  14:43  Hatchery  
  198  14:47  Zerg Ground Armor Level 3  
  198  14:57  Corruptor  
  200  15:00  Greater Spire, Extractor  
  200  15:01  Extractor  
  184  15:09  Zergling x20  
  184  15:10  Zergling x2  
  190  15:20  Corruptor x5  
  194  15:26  Drone x4  
  190  15:45  Zergling x4  
  190  15:48  Drone x2  
  190  15:49  Drone x3  
  192  15:51  Zergling x10  
  192  16:10  Zerg Melee Weapons Level 2  
  191  16:12  Ravager  
  191  16:13  Ravager x2  
  191  16:14  Ravager  
  191  16:18  Zergling x8  
  199  16:23  Baneling  
  199  16:24  Baneling x9  
  199  16:29  Zerg Flyer Weapons Level 1  
  199  16:31  Overlord  
  199  16:36  Overlord  
  197  16:42  Overlord  
  185  16:56  Zergling x18  
  185  16:57  Zergling x10  
  185  17:01  Zergling x26  
  174  17:25  Hatchery  
  174  17:27  Baneling x7  
  174  17:29  Brood Lord  
  185  17:30  Brood Lord x7  
  185  17:33  Baneling, Hatchery  
  185  17:34  Baneling x6, Corruptor x4  
  185  17:35  Corruptor  
  195  17:54  Overlord  
  195  17:57  Hatchery  
  195  17:58  Hatchery  
  172  18:20  Spawning Pool  
  172  18:24  Roach  
  172  18:25  Roach x11  
  194  18:37  Ravager x2  
  194  18:39  Baneling x6  
  188  19:12  Corruptor x3  
  188  19:13  Corruptor x2  
  188  19:15  Zergling x2  
  199  19:23  Corruptor  
  195  19:36  Zergling x14  
  200  19:38  Lair  
  192  19:46  Corruptor x4  
  192  20:01  Corruptor x2  
  192  20:04  Hatchery  
  169  20:12  Zergling x16  
  177  20:17  Corruptor  
  177  20:21  Zergling x4, Queen  
  179  20:24  Queen x2  
  179  20:25  Zergling x2  
  179  20:26  Extractor, Zergling x6  
  188  20:30  Baneling x5, Extractor  
  188  20:35  Zergling x8  
  188  20:46  Zergling x10  
  175  20:53  Zergling x8  
  176  20:58  Zergling x2  
  176  20:59  Zergling x6  
  165  21:04  Zergling x8  
  165  21:10  Zergling x2  
  167  21:17  Zergling x4  
  167  21:18  Zergling x4  
  167  21:19  Baneling x5  
  167  21:23  Zergling x8  
  171  21:25  Zergling x6  
Tags
 
Add a new tag
Caveats
  • Supply blocks, unpowered buildings, or Contaminate may cause inaccurate times.
  • Supply counts are checked every 10 seconds.